TOP OF THE 1ST |
Cleveland Guardians batting - Pitching for Texas Rangers : RHP Pimbly Nimblebottom
|
Pitching: RHP Pimbly Nimblebottom
|
|
Batting: LHB Arvin Dungca
|
0-0: Ground out U3 (Groundball, 3L, EV 98.8 MPH)
|
Batting: RHB Jasper Burd
|
0-0: Foul Ball, location: 2F 0-1: Ground out 6-3 (Groundball, 56D, EV 92.5 MPH)
|
Batting: RHB Nick Ogle
|
0-0: Ball 1-0: Foul Ball, location: 2F 1-1: DOUBLE (Line Drive, 89D, EV 114.4 MPH)
|
Batting: RHB Alex Rodriguez Jr.
|
0-0: Called Strike 0-1: Called Strike 0-2: Strikes out swinging
|
Top of the 1st over - 0 runs, 1 hit, 0 errors, 1 left on base; Cleveland 0 - Texas 0 |
BOTTOM OF THE 1ST |
Texas Rangers batting - Pitching for Cleveland Guardians : RHP Ben Cole
|
Pitching: RHP Ben Cole
|
|
Batting: SHB Jun Tsuda
|
0-0: Ball 1-0: Fly out, F8 (Line Drive, 89M, EV 97.5 MPH)
|
Batting: LHB Andy Bowman
|
0-0: Called Strike 0-1: Ball 1-1: Ball 2-1: Called Strike 2-2: DOUBLE (Groundball, 3L, EV 104.4 MPH)
|
Batting: SHB Vince Ealy
|
0-0: Called Strike 0-1: Called Strike 0-2: Ball 1-2: DOUBLE (Line Drive, 78D, EV 109.4 MPH) Andy Bowman scores
|
Batting: RHB Butch Kaiser
|
0-0: Called Strike 0-1: Ball 1-1: Hit by Pitch
|
Batting: LHB Sean Geisler
|
0-0: Ball 1-0: Ball 2-0: Called Strike 2-1: Foul Ball, location: 2F 2-2: Ball 3-2: Foul Ball, location: 2F 3-2: Fly out, F7 (Flyball, 78M, EV 83.8 MPH)
|
Batting: RHB Zhao-ji Chi
|
0-0: Swinging Strike 0-1: Called Strike 0-2: Ball 1-2: Foul Ball, location: 2F 1-2: Ball 2-2: Fly out, F9 (Flyball, 9, EV 97.5 MPH)
|
Bottom of the 1st over - 1 run, 2 hits, 0 errors, 2 left on base; Cleveland 0 - Texas 1 |
TOP OF THE 2ND |
Cleveland Guardians batting - Pitching for Texas Rangers : RHP Pimbly Nimblebottom
|
Batting: RHB Blake Ballard
|
0-0: Ball 1-0: Ball 2-0: Ball 3-0: Called Strike 3-1: Base on Balls
|
Batting: LHB Brent Albertson
|
0-0: Ball 1-0: SINGLE (Line Drive, 7LS, EV 102.5 MPH) Blake Ballard to second
|
Batting: RHB Drtian Thaqi
|
0-0: Ball 1-0: Ball 2-0: Called Strike 2-1: Foul Ball, location: 2F 2-2: Fly out, F8 (Line Drive, 8RM, EV 93.8 MPH)
|
Batting: LHB Kyle Schaible
|
0-0: Ball 1-0: Called Strike 1-1: Ball 2-1: Called Strike 2-2: Ball 3-2: Foul Ball, location: 2F 3-2: DOUBLE (Line Drive, 9LS, EV 108.1 MPH) Blake Ballard scores Brent Albertson to third Runner from 3rd tries for Home, throw by RF and OUT! 9-4-2 Kyle Schaible to third
|
Batting: LHB Joseph Martin
|
0-0: Called Strike 0-1: Ball 1-1: Ball 2-1: Ball 3-1: Foul Ball, location: 2F 3-2: Base on Balls
|
Batting: LHB Arvin Dungca
|
0-0: Swinging Strike 0-1: Called Strike 0-2: Foul Ball, location: 2F 0-2: Foul Ball, location: 2F 0-2: Strikes out looking
|
Top of the 2nd over - 1 run, 2 hits, 0 errors, 2 left on base; Cleveland 1 - Texas 1 |
BOTTOM OF THE 2ND |
Texas Rangers batting - Pitching for Cleveland Guardians : RHP Ben Cole
|
Batting: RHB Ray Llewellyn
|
0-0: Foul Ball, location: 2F 0-1: Ball 1-1: SINGLE (Groundball, P, EV 85.6 MPH) (infield hit)
|
Batting: SHB Addick de Vries
|
0-0: Called Strike 0-1: Foul Ball, location: 2F 0-2: Strikes out looking
|
Batting: LHB Cody Schumacher
|
0-0: Called Strike 0-1: Ball 1-1: 2-RUN HOME RUN (Line Drive, 89XD, EV 103.8 MPH), Distance : 403 ft
|
Batting: SHB Jun Tsuda
|
0-0: Called Strike 0-1: Ball 1-1: Ball 2-1: Ground out 4-3 (Groundball, 4S, EV 65.6 MPH)
|
Batting: LHB Andy Bowman
|
0-0: Ball 1-0: Called Strike 1-1: Ball 2-1: Ball 3-1: Swinging Strike 3-2: Foul Ball, location: 2F 3-2: Fly out, F9 (Flyball, 89M, EV 91.2 MPH)
|
Bottom of the 2nd over - 2 runs, 2 hits, 0 errors, 0 left on base; Cleveland 1 - Texas 3 |
TOP OF THE 3RD |
Cleveland Guardians batting - Pitching for Texas Rangers : RHP Pimbly Nimblebottom
|
Batting: RHB Jasper Burd
|
0-0: Ball 1-0: Ball 2-0: Ground out 6-3 (Groundball, 6D, EV 107.5 MPH)
|
Batting: RHB Nick Ogle
|
0-0: Ball 1-0: Ball 2-0: Swinging Strike 2-1: Foul Ball, location: 2F 2-2: Strikes out looking
|
Batting: RHB Alex Rodriguez Jr.
|
0-0: Ball 1-0: Swinging Strike 1-1: Foul Ball, location: 2F 1-2: Ball 2-2: Strikes out looking
|
Top of the 3rd over - 0 runs, 0 hits, 0 errors, 0 left on base; Cleveland 1 - Texas 3 |
BOTTOM OF THE 3RD |
Texas Rangers batting - Pitching for Cleveland Guardians : RHP Ben Cole
|
Batting: SHB Vince Ealy
|
0-0: Hit by Pitch
|
Batting: RHB Butch Kaiser
|
0-0: Ball 1-0: Ball 2-0: DOUBLE (Line Drive, 9LM, EV 106.2 MPH) Vince Ealy to third
|
Batting: LHB Sean Geisler
|
0-0: Ball 1-0: Ball 2-0: Called Strike 2-1: Fly out, F9 (Flyball, 89S, EV 90.0 MPH)
|
Batting: RHB Zhao-ji Chi
|
0-0: Called Strike 0-1: Called Strike 0-2: Ball 1-2: Ball 2-2: Hit by Pitch
|
Batting: RHB Ray Llewellyn
|
0-0: Called Strike 0-1: Ball 1-1: Ball 2-1: SINGLE (Groundball, 34D, EV 104.4 MPH) Vince Ealy scores Butch Kaiser to third Zhao-ji Chi to second Runner from 3rd tries for Home, SAFE, throw by RF to home
|
Pitching: RHP Mitsuo Kuriyama
|
|
Batting: SHB Addick de Vries
|
0-0: Ball 1-0: Called Strike 1-1: Foul Ball, location: 2F 1-2: Foul Ball, location: 2F 1-2: Ball 2-2: Fly out, F8 (Flyball, 8LM, EV 85.0 MPH)
|
Batting: LHB Cody Schumacher
|
0-0: Foul Ball, location: 2F 0-1: Ball 1-1: Ball 2-1: Foul Ball, location: 2F 2-2: Strikes out swinging
|
Bottom of the 3rd over - 2 runs, 2 hits, 0 errors, 2 left on base; Cleveland 1 - Texas 5 |
TOP OF THE 4TH |
Cleveland Guardians batting - Pitching for Texas Rangers : RHP Pimbly Nimblebottom
|
Batting: RHB Blake Ballard
|
0-0: Called Strike 0-1: Foul Ball, location: 2F 0-2: Ball 1-2: Foul Ball, location: 2F 1-2: Ball 2-2: Foul Ball, location: 2F 2-2: SOLO HOME RUN (Flyball, 9LD, EV 93.1 MPH), Distance : 349 ft
|
Batting: LHB Brent Albertson
|
0-0: Foul Ball, location: 2F 0-1: Ball 1-1: Ball 2-1: Foul Ball, location: 2F 2-2: Foul Ball, location: 2F 2-2: Strikes out looking
|
Batting: RHB Drtian Thaqi
|
0-0: Ball 1-0: Called Strike 1-1: Foul Ball, location: 2F 1-2: SOLO HOME RUN (Flyball, 7LD, EV 95.6 MPH), Distance : 353 ft
|
Batting: LHB Kyle Schaible
|
0-0: Ball 1-0: Swinging Strike 1-1: Ball 2-1: Ball 3-1: Fly out, F5 (Popup, 56S, EV 79.4 MPH)
|
Batting: LHB Joseph Martin
|
0-0: Ball 1-0: Swinging Strike 1-1: Called Strike 1-2: Ball 2-2: Strikes out swinging
|
Top of the 4th over - 2 runs, 2 hits, 0 errors, 0 left on base; Cleveland 3 - Texas 5 |
BOTTOM OF THE 4TH |
Texas Rangers batting - Pitching for Cleveland Guardians : RHP Mitsuo Kuriyama
|
Batting: SHB Jun Tsuda
|
0-0: Called Strike 0-1: Ball 1-1: Ball 2-1: Ball 3-1: Base on Balls
|
Batting: LHB Andy Bowman
|
0-0: Ball 1-0: Ball 2-0: Foul Ball, location: 2F 2-1: Foul Ball, location: 2F 2-2: Ball 3-2: Base on Balls Jun Tsuda to second
|
Batting: SHB Vince Ealy
|
0-0: Called Strike 0-1: Fly out, F7 (Flyball, 78S, EV 89.4 MPH)
|
Batting: RHB Butch Kaiser
|
0-0: Ball 1-0: Called Strike Jun Tsuda is caught stealing 3rd base 2-5 Andy Bowman to second 1-1: Foul Ball, location: 2F 1-2: Strikes out swinging
|
Bottom of the 4th over - 0 runs, 0 hits, 0 errors, 1 left on base; Cleveland 3 - Texas 5 |
TOP OF THE 5TH |
Cleveland Guardians batting - Pitching for Texas Rangers : RHP Pimbly Nimblebottom
|
Batting: LHB Arvin Dungca
|
0-0: Ball 1-0: Called Strike 1-1: Ball 2-1: Foul Ball, location: 2F 2-2: Ball 3-2: Foul Ball, location: 2F 3-2: Foul Ball, location: 2F 3-2: Foul Ball, location: 2F 3-2: SINGLE (Groundball, 34D, EV 95.0 MPH)
|
Batting: RHB Jasper Burd
|
0-0: Called Strike 0-1: Ball 1-1: Ball 2-1: Ball 3-1: Bunted foul 3-2: Base on Balls Arvin Dungca to second
|
Batting: RHB Nick Ogle
|
0-0: Ball 1-0: Called Strike 1-1: Ball 2-1: Fly out, F4 (Line Drive, 4, EV 66.9 MPH)
|
Batting: RHB Alex Rodriguez Jr.
|
0-0: Swinging Strike 0-1: Foul Ball, location: 2F 0-2: Strikes out looking
|
Pitching: LHP Justin Harris
|
|
Batting: RHB Blake Ballard
|
0-0: Ball 1-0: Called Strike 1-1: Ground out 3-1 (Groundball, 34S, EV 88.8 MPH)
|
Top of the 5th over - 0 runs, 1 hit, 0 errors, 2 left on base; Cleveland 3 - Texas 5 |
BOTTOM OF THE 5TH |
Texas Rangers batting - Pitching for Cleveland Guardians : RHP Mitsuo Kuriyama
|
Batting: LHB Sean Geisler
|
0-0: Swinging Strike 0-1: Ball 1-1: Ball 2-1: Ball 3-1: Base on Balls
|
Batting: RHB Zhao-ji Chi
|
0-0: Ball 1-0: Ball 2-0: Called Strike 2-1: Swinging Strike 2-2: Ball 3-2: Strikes out swinging Sean Geisler is caught stealing 2nd base 2-4 Batter strikes out.
|
Batting: RHB Ray Llewellyn
|
0-0: Ball 1-0: Ball 2-0: Called Strike 2-1: Swinging Strike 2-2: Foul Ball, location: 2F 2-2: Fly out, F7 (Flyball, 78M, EV 90.6 MPH)
|
Bottom of the 5th over - 0 runs, 0 hits, 0 errors, 0 left on base; Cleveland 3 - Texas 5 |
TOP OF THE 6TH |
Cleveland Guardians batting - Pitching for Texas Rangers : LHP Justin Harris
|
Batting: LHB Brent Albertson
|
0-0: Called Strike 0-1: Ball 1-1: Called Strike 1-2: Strikes out swinging
|
Batting: RHB Drtian Thaqi
|
0-0: Ball 1-0: Ball 2-0: Ball 3-0: Base on Balls
|
Pinch Hitting: RHB Christian Blue
|
0-0: Fielders Choice at 2nd, 6-4 (Groundball, 56, EV 105.0 MPH)
|
Batting: LHB Joseph Martin
|
0-0: Called Strike 0-1: Ball 1-1: Ball 2-1: Foul Ball, location: 2F 2-2: Foul Ball, location: 2F 2-2: Foul Ball, location: 2F 2-2: SINGLE (Groundball, 25, EV 66.2 MPH) (infield hit) Christian Blue to second
|
Batting: LHB Arvin Dungca
|
0-0: Called Strike 0-1: Ball 1-1: Swinging Strike 1-2: Fly out, F7 (Flyball, 7D, EV 88.1 MPH)
|
Top of the 6th over - 0 runs, 1 hit, 0 errors, 2 left on base; Cleveland 3 - Texas 5 |
BOTTOM OF THE 6TH |
Texas Rangers batting - Pitching for Cleveland Guardians : RHP Mitsuo Kuriyama
|
Now at 2B: Christian Blue
|
|
Batting: SHB Addick de Vries
|
0-0: Ground out 4-3 (Groundball, 4S, EV 66.2 MPH)
|
Batting: LHB Cody Schumacher
|
0-0: Called Strike 0-1: Ball 1-1: SINGLE (Groundball, 25, EV 76.2 MPH) (infield hit)
|
Batting: SHB Jun Tsuda
|
0-0: Ball 1-0: Ball 2-0: Foul Ball, location: 2F 2-1: Foul Ball, location: 2F 2-2: Fly out, F9 (Flyball, 9, EV 97.5 MPH)
|
Batting: LHB Andy Bowman
|
0-0: Foul Ball, location: 2F 0-1: Swinging Strike 0-2: SINGLE (Line Drive, 78S, EV 85.6 MPH) Cody Schumacher to second Runner from 2nd tries for 3rd, SAFE, throw by LF made to third
|
Batting: SHB Vince Ealy
|
0-0: Ball 1-0: Foul Ball, location: 2F 1-1: Swinging Strike 1-2: Strikes out swinging
|
Bottom of the 6th over - 0 runs, 2 hits, 0 errors, 2 left on base; Cleveland 3 - Texas 5 |
TOP OF THE 7TH |
Cleveland Guardians batting - Pitching for Texas Rangers : LHP Justin Harris
|
Pitching: RHP Kyle Curve
|
|
Batting: RHB Jasper Burd
|
0-0: Called Strike 0-1: Ball 1-1: Swinging Strike 1-2: Strikes out swinging
|
Batting: RHB Nick Ogle
|
0-0: Ball 1-0: Ball 2-0: Swinging Strike 2-1: Foul Ball, location: 2F 2-2: Strikes out swinging
|
Batting: RHB Alex Rodriguez Jr.
|
0-0: Ball 1-0: Foul Ball, location: 2F 1-1: Foul Ball, location: 2F 1-2: Strikes out swinging
|
Top of the 7th over - 0 runs, 0 hits, 0 errors, 0 left on base; Cleveland 3 - Texas 5 |
BOTTOM OF THE 7TH |
Texas Rangers batting - Pitching for Cleveland Guardians : RHP Mitsuo Kuriyama
|
Pitching: RHP Kyle Ehret
|
|
Batting: RHB Butch Kaiser
|
0-0: Ball 1-0: Called Strike 1-1: Foul Ball, location: 2F 1-2: Ball 2-2: Ground out 6-3 (Groundball, 6, EV 86.9 MPH)
|
Batting: LHB Sean Geisler
|
0-0: Ball 1-0: Ball 2-0: Called Strike 2-1: SOLO HOME RUN (Line Drive, 9D, EV 99.4 MPH), Distance : 379 ft
|
Batting: RHB Zhao-ji Chi
|
0-0: Ball 1-0: Ball 2-0: Ball 3-0: Called Strike 3-1: Swinging Strike 3-2: Foul Ball, location: 2F 3-2: Strikes out swinging
|
Batting: RHB Ray Llewellyn
|
0-0: Called Strike 0-1: Ball 1-1: Ball 2-1: Ball 3-1: Base on Balls
|
Batting: SHB Addick de Vries
|
0-0: Called Strike 0-1: Ball 1-1: Called Strike 1-2: Foul Ball, location: 2F 1-2: Strikes out looking
|
Bottom of the 7th over - 1 run, 1 hit, 0 errors, 1 left on base; Cleveland 3 - Texas 6 |
TOP OF THE 8TH |
Cleveland Guardians batting - Pitching for Texas Rangers : RHP Kyle Curve
|
Pitching: RHP Steffen Joseph
|
|
Batting: RHB Blake Ballard
|
0-0: Called Strike 0-1: Swinging Strike 0-2: Foul Ball, location: 2F 0-2: Hit by Pitch
|
Batting: LHB Brent Albertson
|
0-0: Ball 1-0: Ball 2-0: Ball 3-0: Base on Balls Blake Ballard to second
|
Batting: RHB Drtian Thaqi
|
0-0: Called Strike 0-1: Foul Ball, location: 2F 0-2: Strikes out swinging
|
Batting: RHB Christian Blue
|
0-0: Ball 1-0: Called Strike 1-1: Ball 2-1: Swinging Strike 2-2: Foul Ball, location: 2F 2-2: Strikes out swinging
|
Batting: LHB Joseph Martin
|
0-0: Called Strike 0-1: Ball 1-1: Ball 2-1: Ball 3-1: Base on Balls Blake Ballard to third Brent Albertson to second
|
Batting: LHB Arvin Dungca
|
0-0: Ball 1-0: Ball 2-0: Ball 3-0: Called Strike 3-1: Foul Ball, location: 2F 3-2: Base on Balls Blake Ballard scores Brent Albertson to third Joseph Martin to second
|
Batting: RHB Jasper Burd
|
0-0: Fly out, F3 (Line Drive, 3, EV 65.6 MPH)
|
Top of the 8th over - 1 run, 0 hits, 0 errors, 3 left on base; Cleveland 4 - Texas 6 |
BOTTOM OF THE 8TH |
Texas Rangers batting - Pitching for Cleveland Guardians : RHP Kyle Ehret
|
Pitching: RHP Dennis Beals
|
|
Batting: LHB Cody Schumacher
|
0-0: Called Strike 0-1: Swinging Strike 0-2: Ball 1-2: Ball 2-2: Ball 3-2: Strikes out looking
|
Batting: SHB Jun Tsuda
|
0-0: Called Strike 0-1: SOLO HOME RUN (Flyball, 89XD, EV 104.4 MPH), Distance : 397 ft
|
Batting: LHB Andy Bowman
|
0-0: Ball 1-0: Ball 2-0: Ball 3-0: Called Strike 3-1: Ground out 4-3 (Groundball, 4, EV 83.8 MPH)
|
Batting: SHB Vince Ealy
|
0-0: SINGLE (Line Drive, 56D, EV 95.0 MPH)
|
Batting: RHB Butch Kaiser
|
0-0: Called Strike 0-1: Fly out, F3 (Line Drive, 3, EV 68.8 MPH)
|
Bottom of the 8th over - 1 run, 2 hits, 0 errors, 1 left on base; Cleveland 4 - Texas 7 |
TOP OF THE 9TH |
Cleveland Guardians batting - Pitching for Texas Rangers : RHP Steffen Joseph
|
Pitching: RHP Mark Lopez
|
|
Batting: RHB Nick Ogle
|
0-0: Foul Ball, location: 2F 0-1: Called Strike 0-2: Ball 1-2: Ball 2-2: Foul Ball, location: 2F 2-2: Foul Ball, location: 2F 2-2: Fly out, F8 (Flyball, 8RS, EV 73.1 MPH)
|
Batting: RHB Alex Rodriguez Jr.
|
0-0: Ball 1-0: Ball 2-0: Foul Ball, location: 2F 2-1: Ball 3-1: Base on Balls
|
Batting: RHB Blake Ballard
|
0-0: Called Strike 0-1: Ball 1-1: Ball 2-1: Foul Ball, location: 2F 2-2: Foul Ball, location: 2F 2-2: Foul Ball, location: 2F 2-2: Strikes out swinging
|
Batting: LHB Brent Albertson
|
0-0: Ball 1-0: Ball 2-0: Foul Ball, location: 2F 2-1: Ground out U3 (Groundball, 3S, EV 82.5 MPH)
|
Top of the 9th over - 0 runs, 0 hits, 0 errors, 1 left on base; Cleveland 4 - Texas 7 |
|